Map: [ESL] Cosmic Sapphire

Players

Solar - Winner!

  • Race: Zerg Zerg
  • Spawn Location: 11:00

Aristori

  • Race: Zerg Zerg
  • Spawn Location: 5:00

Event: DreamHack SC2 Masters 2022 Valencia

VOD

Have the link to the VOD?

Description

Time

  • Played on: July 1, 2022, 9:47 a.m.
  • Length: 7:10

All games in this series

Show
View Real Time Build Order
Export as new Build Order

Solar Zerg - Winner!

Build Orders: Hatch First 

Get SALT Encoding   

  12  0:00  Drone  
  13  0:12  Overlord  
  13  0:17  Drone  
  14  0:31  Drone x2  
  16  0:48  Hatchery  
  15  0:51  Drone  
  15  0:54  Drone  
  17  0:58  Drone  
  18  1:09  Extractor  
  17  1:13  Spawning Pool  
  17  1:16  Drone  
  17  1:20  Drone  
  18  1:29  Drone  
  19  1:38  Drone  
  20  1:49  Drone  
  21  1:59  Queen x2  
  21  2:00  Zergling x2  
  21  2:01  Overlord  
  26  2:10  Drone x2  
  26  2:12  Metabolic Boost  
  28  2:21  Drone x2  
  30  2:32  Hatchery  
  30  2:34  Drone  
  30  2:41  Queen  
  32  2:48  Baneling Nest  
  32  2:51  Overlord  
  31  2:54  Drone  
  31  2:55  Zergling x2  
  33  2:59  Drone  
  33  3:00  Drone  
  35  3:07  Drone  
  35  3:11  Drone x3  
  39  3:13  Zergling x2  
  39  3:15  Zergling x2  
  39  3:16  Zergling x2  
  39  3:18  Zergling x2  
  43  3:23  Overlord  
  43  3:25  Zergling x2  
  44  3:35  Baneling  
  44  3:37  Overlord  
  44  3:42  Drone x5  
  44  3:45  Zergling x2  
  44  3:46  Drone  
  44  3:47  Evolution Chamber  
  50  3:50  Overlord  
  50  3:52  Drone  
  50  3:53  Drone  
  52  3:56  Drone  
  52  3:58  Drone  
  52  4:01  Drone  
  54  4:05  Drone  
  54  4:06  Baneling x2  
  54  4:07  Drone  
  54  4:11  Drone x2  
  54  4:15  Zergling x4  
  58  4:18  Zerg Ground Armor Level 1  
  58  4:20  Zergling x6  
  58  4:23  Baneling  
  61  4:25  Zergling x4  
  63  4:33  Roach Warren, Extractor x2, Zergling x2  
  63  4:34  Zergling x2  
  63  4:36  Baneling  
  63  4:37  Drone x2  
  64  4:43  Zergling x10  
  69  4:47  Baneling x2  
  69  4:49  Zergling x6  
  72  4:55  Zergling x8  
  73  5:00  Overlord  
  73  5:02  Overlord  
  73  5:06  Zergling x2  
  71  5:09  Zergling x2  
  71  5:11  Drone  
  70  5:16  Drone  
  70  5:22  Roach x2  
  70  5:26  Roach  
  71  5:28  Baneling x2  
  71  5:31  Roach x2  
  75  5:38  Roach  
  75  5:39  Roach  
  75  5:40  Overlord x2  
  77  5:43  Roach  
  77  5:45  Roach  
  77  5:48  Baneling  
  81  5:51  Zergling x4  
  81  5:53  Baneling  
  81  5:54  Baneling  
  81  5:55  Overlord  
  80  5:59  Roach  
  80  6:00  Roach  
  80  6:02  Zergling x6  
  85  6:07  Roach  
  85  6:09  Overlord  
  85  6:10  Zergling x6  
  90  6:13  Baneling x4  
  90  6:17  Zergling x8  
  94  6:23  Zergling x4  
  94  6:24  Zergling x2  
  97  6:32  Baneling x3, Zergling x8  
  99  6:35  Baneling  
  92  6:40  Zergling x4  
  92  6:41  Zergling x2  
  92  6:42  Zergling x6  
  92  6:44  Zergling x2  
  92  6:45  Zergling x2  
  92  6:46  Zergling x2  
  99  6:48  Zergling x2  
  99  6:51  Zergling x2  
  100  7:04  Ravager  
Show
View Real Time Build Order
Export as new Build Order

Aristori Zerg 

Build Orders: Hatch First, Zergling Baneling 

Get SALT Encoding   

  12  0:00  Drone  
  13  0:12  Overlord  
  13  0:16  Drone  
  14  0:30  Drone x2  
  16  0:48  Hatchery  
  15  0:51  Drone  
  15  0:55  Drone  
  17  0:57  Drone  
  18  1:08  Extractor  
  17  1:12  Spawning Pool  
  17  1:16  Drone  
  17  1:20  Drone  
  18  1:27  Drone  
  19  1:38  Drone  
  20  1:50  Overlord  
  20  1:59  Queen x2  
  20  2:00  Drone x2  
  26  2:11  Drone x2  
  26  2:12  Metabolic Boost  
  28  2:22  Zergling x4  
  30  2:33  Hatchery  
  29  2:38  Drone  
  29  2:39  Drone  
  31  2:48  Evolution Chamber  
  31  2:50  Drone x2  
  32  2:56  Baneling Nest  
  31  2:58  Overlord  
  31  2:59  Drone  
  32  3:06  Overlord  
  32  3:08  Drone  
  32  3:11  Drone  
  32  3:12  Drone  
  35  3:17  Zerg Melee Weapons Level 1  
  35  3:26  Drone x3  
  38  3:31  Zergling x6  
  41  3:38  Zergling x4  
  43  3:44  Zergling x6  
  43  3:45  Zergling x4  
  43  3:47  Zergling x4  
  50  3:51  Baneling  
  50  3:56  Zergling x4  
  48  4:03  Zergling x2  
  48  4:09  Baneling x3  
  48  4:10  Zergling x2  
  48  4:12  Queen  
  48  4:16  Zergling x14  
  53  4:26  Baneling  
  53  4:27  Baneling x3  
  53  4:28  Zergling x8  
  56  4:32  Overlord  
  56  4:35  Overlord  
  56  4:40  Baneling  
  56  4:43  Zergling x2  
  56  4:44  Zergling x2  
  58  4:47  Overlord  
  51  5:01  Zergling x20  
  54  5:09  Zergling x2  
  54  5:10  Zergling x2  
  46  5:18  Zergling x2  
  46  5:19  Zergling x2  
  46  5:23  Drone x2  
  46  5:26  Baneling  
  46  5:27  Baneling x2  
  47  5:29  Queen  
  47  5:31  Zergling x2  
  47  5:32  Zergling x2  
  47  5:34  Baneling x3  
  51  5:41  Zergling x10  
  56  5:46  Baneling  
  53  5:58  Drone x8  
  59  6:13  Overlord x2  
  59  6:16  Drone  
  59  6:17  Drone x5  
  65  6:23  Zergling x4  
  67  6:30  Zergling x2  
  62  6:40  Zergling x14  
  62  6:41  Zergling x2  

Tags
 
Add a new tag
Caveats
  • Supply blocks, unpowered buildings, or Contaminate may cause inaccurate times.
  • Supply counts are checked every 10 seconds.